 Dungeon Crawl Stone Soup version 0.29.1 (webtiles) character file.

Game seed: 1930583198203948263

4086 blackman the Cleaver (level 10, -5/70 HPs)
             Began as a Formicid Fighter on Sept 12, 2022.
             Was an Elder of Okawaru.
             Slain by an orc warrior
             ... wielding a +0 war axe
              (13 damage)
             ... in a bailey.
             The game lasted 00:27:10 (12791 turns).

blackman the Cleaver (Formicid Fighter)            Turns: 12791, Time: 00:27:11

Health: -5/70      AC: 14    Str: 24    XL:     10   Next: 50%
Magic:  13/13      EV:  7    Int:  9    God:    Okawaru [****..]
Gold:   948        SH: 11    Dex: 13    Spells: 9/9 levels left

rFire   + . .      SeeInvis +   a - +0 war axe
rCold   . . .      Faith    .   D - +0 kite shield
rNeg    . . .      Spirit   .   C - +3 chain mail {Will+}
rPois   .          Reflect  .   (helmet unavailable)
rElec   .          Harm     .   p - +0 cloak
rCorr   .          Rampage  .   E - +0 pair of gloves
Will    ++...                   (no boots)
Stlth   ..........              (no amulet)
HPRegen 0.21/turn               x - ring of protection from fire
MPRegen 0.13/turn               (no ring)

@: no status effects
A: permanent stasis, dig shafts and tunnels, antennae 3, four strong arms
a: Dig, Renounce Religion, Heroism, Finesse


You were in a bailey.
You worshipped Okawaru.
Okawaru was greatly pleased with you.
You visited 2 branches of the dungeon, and saw 9 of its levels.
You also visited: Sewer and Bailey.

You collected 1410 gold pieces.
You spent 462 gold pieces at shops.

Inventory:

Hand Weapons
 a - a +0 war axe (weapon)
 w - a +0 giant club
Missiles
 h - 2 boomerangs (quivered)
Armour
 b - a +0 scale mail
 c - a +0 buckler
 f - a +3 leather armour
 p - a +0 cloak (worn)
 C - a +3 chain mail of willpower (worn)
 D - a +0 kite shield (worn)
 E - a +0 pair of gloves (worn)
Jewellery
 m - an amulet of magic regeneration
 x - a ring of protection from fire (left hand)
 F - a ring of protection from cold
Wands
 t - a wand of digging (4)
Scrolls
 e - 2 scrolls of enchant weapon
 i - 3 scrolls of teleportation
 j - 2 scrolls of noise
 k - 2 scrolls of vulnerability
 n - 5 scrolls of fear
 u - a scroll of blinking
 v - 3 scrolls of summoning {unknown}
 y - a scroll of immolation {unknown}
 B - 2 scrolls of fog {unknown}
Potions
 g - a potion of degeneration
 o - a potion of haste
 r - a potion of berserk rage
 s - 3 potions of flight
 z - a potion of attraction {unknown}
 A - a potion of resistance {unknown}
 G - a potion of brilliance {unknown}
 H - a potion of mutation {unknown}


   Skills:
 - Level 3.2 Fighting
 - Level 11.8 Axes
 - Level 4.0 Throwing
 - Level 3.2 Armour
 - Level 9.5 Shields
 * Level 4.3 Invocations


You had 9 spell levels left.
You didn't know any spells.
Your spell library contained the following spells:

 Spells                   Type           Power      Damage    Failure   Level
 Necrotise                Necr           0%         1d4       99%         1
 Sandblast                Erth           0%         2d4       99%         1
 Passwall                 Tmut/Erth      0%         N/A       100%        2
 Dazzling Flash           Conj/Hex       0%         N/A       100%        3
 Stone Arrow              Conj/Erth      0%         3d7       100%        3
 Vampiric Draining        Necr           0%         2d6       100%        3
 Agony                    Necr           0%         N/A       100%        5
 Manifold Assault         Tloc           0%         N/A       100%        5
 Silence                  Hex/Air        0%         N/A       100%        5
 Storm Form               Tmut/Air       0%         N/A       100%        7
 Blink                    Tloc           Unusable   N/A       N/A         2

Dungeon Overview and Level Annotations

Branches:
Dungeon (8/15)             Temple (1/1) D:4           Sewer (visited)
 Bailey (1/1)
   Lair: D:8-11

Altars:
Ashenzari
Cheibriados
Dithmenos
Fedhas
Gozag
Hepliaklqana
Makhleb
Nemelex Xobeh
Okawaru
Qazlal
Ru
Uskayaw
Vehumet
Wu Jian
Xom
Yredelemnul
Zin
The Shining One

Shops:
D:6 *[

Annotations:
D:3 1 runed translucent door, Crazy Yiuf
D:4 1 runed translucent door, pacmanke6689's ghost, amateur HOFi
D:8 Pikel


Innate Abilities, Weirdness & Mutations

You cannot be hasted, slowed, berserked, paralysed or teleported.
You can dig through walls and to a lower floor.
You have a pair of large antennae on your head. (SInv)
Your four strong arms can wield two-handed weapons with a shield.


Message History

The orc warrior is severely wounded.
You slash the orc warrior!
The orc warrior hits you with a +0 war axe!
You are too injured to fight recklessly!
You are too injured to fight recklessly!
You are too injured to fight recklessly!
You are too injured to fight recklessly!
You closely miss the orc warrior.
The orc warrior is heavily wounded.
You barely miss the orc warrior. You block the orc warrior's attack. x2
You hit the orc warrior.
The orc warrior is severely wounded.
You closely miss the orc warrior. You block the orc warrior's attack.
The orc warrior hits you with a +0 war axe!
* * * LOW HITPOINT WARNING * * *
You closely miss the orc warrior.
The orc warrior is severely wounded.
You slash the orc warrior! The orc warrior hits you.
* * * LOW HITPOINT WARNING * * *
The orc warrior hits you with a +0 war axe!
* * * LOW HITPOINT WARNING * * *
An orc comes into view. It is wielding a +0 war axe.
You hit the orc warrior.
The orc warrior is severely wounded.
You barely miss the orc warrior. The orc warrior hits you.
* * * LOW HITPOINT WARNING * * *
The orc warrior hits you but does no damage.
You feel better.
The orc warrior hits you but does no damage.
You block the orc warrior's attack.
You feel better.
The orc warrior hits you but does no damage.
The orc warrior hits you with a +0 war axe!
* * * LOW HITPOINT WARNING * * *
You miss the orc warrior.
The orc warrior is severely wounded.
You closely miss the orc warrior.
The orc warrior hits you but does no damage.
The orc warrior hits you with a +0 war axe!
You die...

♣♣♣ ###....g....##
♣♣.♣♣♣♣♣ ###.#'#.....###
♣♣......♣###.....###.###{
{ ♣♣.......##......)..###
{ ♣......))#...........#
{ {
♣♣....)))'...))......#
♣..∩.∩).).....⌠.....# {
♣♣.....).'...))......#
♣......).#....).@....#
♣♣♣......##....oo...###
♣....♣♣♣###.....###.###
♣....♣ ###.#'#.....#
♣♣♣♣♣♣ ###..{..{g.
#..)...... #.........
#.....{... #.....gg..


You could see 2 orc warriors.

Vanquished Creatures
  Erica (D:8)
  Prince Ribbit (D:5)
  A wyvern (D:8)
  A wraith (D:5)
  2 water moccasins (D:8)
  5 orc warriors
  A black bear (D:4)
  3 ice beasts
  A centaur (D:7)
  3 ogres
  2 lemures
  2 phantoms
  2 kobold brigands (Sewer)
  3 bullfrogs
  A necrophage (D:6)
  A scorpion (D:6)
  A gnoll sergeant (D:7)
  3 howler monkeys
  A jelly (D:4)
  4 orc priests (D:7)
  2 iguanas
  Terence (D:2)
  11 orc wizards
  8 gnolls
  3 river rats (Sewer)
  8 adders
  A shadow imp (D:8)
  A white imp (D:5)
  2 ufetubi
  A worm (D:5)
  4 dart slugs
  27 orcs
  9 ball pythons
  6 endoplasms
  2 giant cockroaches
  18 goblins
  17 hobgoblins
  3 jackals (Sewer)
  9 kobolds
  6 quokkas
  A bat (D:1)
  7 frilled lizards
  3 rats
189 creatures vanquished.

Vanquished Creatures (others)
  An orc wizard (D:8)
  A plant (D:4)
2 creatures vanquished.

Grand Total: 191 creatures vanquished

Notes
Turn   | Place    | Note
-------+----------+-------------------------------------------
     0 | D:1      | blackman the Formicid Fighter began the quest for the Orb.
     0 | D:1      | Reached XP level 1. HP: 18/18 MP: 1/1
   134 | D:1      | Reached XP level 2. HP: 24/24 MP: 2/2
   278 | D:1      | Found a faded altar of an unknown god.
   476 | D:1      | Reached skill level 3 in Axes
   777 | D:1      | Reached XP level 3. HP: 29/29 MP: 3/3
  1440 | D:2      | Noticed Terence
  1452 | D:2      | Killed Terence
  1453 | D:2      | Reached skill level 4 in Axes
  1453 | D:2      | Reached XP level 4. HP: 4/35 MP: 4/4
  2938 | D:3      | Found a runed translucent door.
  2939 | D:3      | Noticed Crazy Yiuf
  3663 | D:4      | Noticed a bullfrog
  3672 | D:4      | Killed a bullfrog
  3673 | D:4      | Reached skill level 5 in Axes
  3673 | D:4      | Reached XP level 5. HP: 29/41 MP: 5/5
  3781 | D:4      | Reached XP level 6. HP: 47/47 MP: 6/6
  3790 | D:4      | Found a staircase to the Ecumenical Temple.
  3799 | Temple   | Entered the Ecumenical Temple
  3828 | Temple   | Became a worshipper of Warmaster Okawaru
  3892 | D:4      | Found a shimmering altar of Xom.
  3893 | D:4      | Found a shimmering altar of Xom.
  3893 | D:4      | Found a shimmering altar of Xom.
  3894 | D:4      | Found a shimmering altar of Xom.
  3897 | D:4      | Found a shimmering altar of Xom.
  3897 | D:4      | Found a shimmering altar of Xom.
  3899 | D:4      | Found a shimmering altar of Xom.
  4116 | D:4      | Noticed a black bear
  4121 | D:4      | Killed a black bear
  4122 | D:4      | Reached skill level 6 in Axes
  4393 | D:4      | Found a runed translucent door.
  4396 | D:4      | Noticed pacmanke6689's ghost (amateur HOFi)
  4414 | D:4      | Noticed an ogre
  4420 | D:4      | Killed an ogre
  4421 | D:4      | Reached skill level 7 in Axes
  4421 | D:4      | Reached XP level 7. HP: 52/52 MP: 7/7
  4650 | D:5      | Entered Level 5 of the Dungeon
  4654 | D:5      | Identified a scroll of acquirement
  4659 | D:5      | Acquired 968 gold pieces
  4700 | D:5      | Noticed a wraith
  4712 | D:5      | Killed a wraith
  5055 | D:5      | Found a glowing drain.
  5059 | Sewer    | Entered a sewer
  5403 | Sewer    | Reached * piety under Okawaru
  5404 | Sewer    | Reached skill level 8 in Axes
  5459 | Sewer    | Reached XP level 8. HP: 28/58 MP: 8/8
  5629 | Sewer    | Found a white marble altar of Elyvilon.
  6646 | D:5      | Reached skill level 9 in Axes
  6671 | D:5      | Noticed Prince Ribbit
  6687 | D:5      | Killed Prince Ribbit
  7806 | D:5      | Found a sacrificial altar of Ru.
  7806 | D:5      | Found a faded altar of an unknown god.
  7813 | D:5      | Found a stormy altar of Qazlal.
  7815 | D:5      | Found a faded altar of an unknown god.
  7817 | D:5      | Found a radiant altar of Vehumet.
  7884 | D:6      | Found a broken altar of Ashenzari.
  7991 | D:6      | Found a hide-covered altar of Uskayaw.
  8063 | D:6      | Found Bocadwuf's Antique Armour Boutique.
  8071 | D:6      | Bought a glowing chain mail for 210 gold pieces
  8071 | D:6      | Bought a kite shield for 126 gold pieces
  8071 | D:6      | Bought a pair of gloves for 126 gold pieces
  8079 | D:6      | Reached skill level 1 in Throwing
  8489 | D:6      | Reached ** piety under Okawaru
  8525 | D:6      | Found Xued Zikiff's Fire Supplies.
  8572 | D:6      | Reached XP level 9. HP: 43/64 MP: 11/11
  9216 | D:6      | Reached skill level 5 in Shields
 11091 | D:7      | Reached *** piety under Okawaru
 11784 | D:8      | Reached skill level 10 in Axes
 11814 | D:8      | Noticed Erica
 11828 | D:8      | Killed Erica
 11829 | D:8      | Reached skill level 11 in Axes
 11829 | D:8      | Reached XP level 10. HP: 5/70 MP: 10/12
 11848 | D:8      | Noticed Pikel
 11949 | D:8      | Found a flagged portal.
 12096 | Bailey   | Entered a bailey
 12182 | Bailey   | Reached **** piety under Okawaru
 12788 | Bailey   | HP: 1/70 [orc warrior (4)]
 12791 | Bailey   | Slain by an orc warrior

Illustrated notes

Levels and vault maps discovered:
D:1:      minmay_arrival_four_circles, layout_basic,
          hellmonk_ecumenical_altar_leap_of_faith
D:2:      layout_loops_ring, grunt_decor_cap, uniq_terence
D:3:      layout_loops_cross, uniq_crazy_yiuf_cottage
D:4:      layout_loops_ring, nicolae_xom_altar_mimics,
          minmay_temple_entry_gardened_gates, ebering_ghost_sewer_d,
          grunt_ministairs_12
D:5:      layout_loops_ring, chequers_temple_overflow_minitemple,
          gup_sewer_entry_bowl, chequers_serial_rivers_marsh, nrook_campfire,
          uniq_prince_ribbit1
D:6:      layout_basic, old_standard_altar, nicolae_uskayaw_dance_hall,
          serial_shops, shop, nicolae_shop_fire_sale [nicolae_sub_dead_trees],
          grunt_ministairs_1, minmay_misc_feat_tower, kennysheep_generic_room_12
D:7:      layout_basic, hangedman_decor_peaks_small
D:8:      layout_basic, nicolae_kikubaaqudgha_miasma_corner, erik_lair_island,
          enter_bailey_1, enter_ossuary_5, uniq_joseph, uniq_pikel, uniq_erica
Temple:   eino_temple_lava
Bailey:   bailey_axe_minmay_hex_keep, bailey

Skill      XL: |  1  2  3  4  5  6  7  8  9 10 |
---------------+-------------------------------+-----
Axes           | 3 4 5 7 8 9 11 | 11.8
Invocations    | 2 4 |  4.3
Throwing       | 3 4 |  4.0
Shields        | 9 |  9.5
Fighting       | |  3.2
Armour         | |  3.2

Action                   |  1- 3 |  4- 6 |  7- 9 | 10-12 || total
-------------------------+-------+-------+-------+-------++-------
Melee: War axe           |    77 |   105 |   236 |   145 ||   563
       Giant club        |       |       |   168 |       ||   168
Throw: Boomerang         |       |    11 |    45 |    17 ||    73
Invok: Heroism           |       |       |     4 |       ||     4
 Abil: Dig               |       |       |     1 |       ||     1
Evoke: Wand              |       |       |     5 |       ||     5
  Use: Potion            |     1 |     1 |     5 |     3 ||    10
       Scroll            |       |       |    12 |       ||    12
 Stab: Sleeping          |     1 |       |     1 |       ||     2
       Invisible         |       |       |     1 |       ||     1
Armor: Scale mail        |    17 |       |       |       ||    17
       Leather armour    |     4 |    34 |    94 |       ||   132
       Chain mail        |       |       |    79 |    49 ||   128
Dodge: Dodged            |    40 |    40 |   186 |    38 ||   304
Block: Buckler           |    20 |    31 |       |       ||    51
       Kite shield       |       |       |   128 |    76 ||   204
